 Dungeon Crawl Stone Soup version 0.31-a0-889-g1a8549509d (webtiles) character file.

Game seed: 13731957387634662622

9104 Darius099 the Severer (level 11, -1/89 HPs)
             Began as a Minotaur Fighter on Oct 16, 2023.
             Was a High Priest of Okawaru.
             Slain by a troll (14 damage)
             ... on level 9 of the Dungeon.
             The game lasted 00:34:37 (9431 turns).

Darius099 the Severer (Minotaur Fighter)            Turns: 9431, Time: 00:34:38

Health: -1/89      AC: 16    Str: 23 (24) XL:     11   Next: 18%
Magic:  10/10      EV:  7    Int:  6 (9)  God:    Okawaru [*****.]
Gold:   462        SH: 12    Dex:  6 (9)  Spells: 10/10 levels left

rFire   . . .        a - +0 war axe
rCold   . . .        F - +0 kite shield
rNeg    . . .        i - +0 chain mail
rPois   .            (helmet unavailable)
rElec   .            D - +1 cloak
rCorr   .            w - +0 pair of gloves
SInv    .            e - +0 pair of boots
Will    +....        L - amulet of reflection Stlth
                     g - ring of willpower
HPRegen 0.34/turn    m - ring of flight
MPRegen 0.12/turn

%: reflection
@: flying
A: horns 3, retaliatory headbutt, iridescent scales 1, clever 1
a: Renounce Religion, Heroism, Finesse, Duel


You were on level 9 of the Dungeon.
You worshipped Okawaru.
Okawaru was extremely pleased with you.
You visited 2 branches of the dungeon, and saw 10 of its levels.

You collected 462 gold pieces.

Inventory:

Hand Weapons
 a - a +0 war axe (weapon)
Missiles
 t - 13 javelins
 K - 3 curare-tipped darts
Armour
 e - a +0 pair of boots (worn)
 i - a +0 chain mail (worn)
 w - a +0 pair of gloves (worn)
 D - a +1 cloak (worn)
 F - a +0 kite shield (worn)
Jewellery
 g - a ring of willpower (left hand)
 m - a ring of flight (right hand)
 L - an amulet of reflection (around neck)
Wands
 x - a wand of digging (5)
 z - a wand of flame (42)
 C - a wand of acid (5)
Scrolls
 b - 4 scrolls of fog {unknown}
 c - 2 scrolls of vulnerability {unknown}
 j - a scroll of butterflies {unknown}
 o - 9 scrolls of identify {unknown}
 q - 2 scrolls of amnesia {unknown}
 r - a scroll of blinking {unknown}
 s - 4 scrolls of enchant armour {unknown}
 u - a scroll of poison {unknown}
 v - 3 scrolls of immolation {unknown}
 y - 2 scrolls of fear {unknown}
 A - a scroll of revelation {unknown}
 G - a scroll of acquirement {unknown}
 H - 4 scrolls of teleportation
 J - a scroll of noise {unknown}
Potions
 d - a potion of might
 f - 2 potions of lignification
 h - a potion of attraction {unknown}
 k - 3 potions of cancellation
 l - a potion of heal wounds
 n - 2 potions of mutation
 p - a potion of haste
 B - a potion of invisibility
 E - a potion of magic {unknown}


   Skills:
 + Level 5.8 Fighting
 - Level 19.2 Axes
 + Level 5.8 Armour
 - Level 3.6 Shields


You had 10 spell levels left.
You didn't know any spells.
Your spell library contained the following spells:

 Spells                   Type           Power      Damage    Failure   Level
 Magic Dart               Conj           0%         1d3       99%         1
 Blink                    Tloc           0%         N/A       100%        2
 Scorch                   Fire           0%         2d5       100%        2
 Static Discharge         Conj/Air       0%         2-2/arc   100%        2
 Dazzling Flash           Conj/Hex       0%         N/A       100%        3
 Mephitic Cloud           Conj/Pois/Air  0%         N/A       100%        3
 Sigil of Binding         Hex            0%         N/A       100%        3
 Airstrike                Air            0%         2d(0-16)  100%        4
 Dimensional Bullseye     Hex/Tloc       0%         N/A       100%        4
 Flame Wave               Conj/Fire      0%         2d4       100%        4
 Leda's Liquefaction      Hex/Erth       0%         N/A       100%        4
 Manifold Assault         Tloc           0%         N/A       100%        4
 Agony                    Necr           0%         N/A       100%        5
 Silence                  Hex/Air        0%         N/A       100%        5
 Call Imp                 Summ           Unusable   N/A       N/A         2
 Call Canine Familiar     Summ           Unusable   N/A       N/A         3
 Summon Lightning Spire   Summ/Air       Unusable   N/A       N/A         4
 Summon Cactus Giant      Summ           Unusable   N/A       N/A         6

Dungeon Overview and Level Annotations

Branches:
Dungeon (9/15)             Temple (1/1) D:5            Lair (0/5) D:9
    Orc: D:9-12

Altars:
Ashenzari
Cheibriados
Dithmenos
Elyvilon
Fedhas
Gozag
Hepliaklqana
Kikubaaqudgha
Makhleb
Okawaru
Qazlal
Ru
Sif Muna
Trog
Uskayaw
Vehumet
Wu Jian
Xom
Yredelemnul
Zin
The Shining One

Shops:
D:4 [   D:5 =[*

Annotations:
D:4 2 transporters, awesomeguy42's ghost, amateur HuNe


Innate Abilities, Weirdness & Mutations

You have a pair of large horns on your head.
You reflexively headbutt those who attack you in melee.
You are partially covered in iridescent scales. (AC +2)
Your mind is acute. (Int +4, Str/Dex -1)


Message History

a -1 demon whip of venom; a yak corpse; the demonspawn corpse of Amaemon
H - 4 scrolls of teleportation (gained 1)
Things that are here:
a -1 demon whip of venom; a yak corpse; the demonspawn corpse of Amaemon
Things that are here:
an atropa-tipped dart; a yak corpse You start resting.
You feel yourself slow down.
Things that are here:
a -1 demon whip of venom; a yak corpse; the demonspawn corpse of Amaemon You start resting.
A troll is nearby!
Things that are here:
an atropa-tipped dart; a yak corpse You start resting.
A troll is nearby!
You slice the troll!!
The troll is severely wounded.
You slash the troll!
The troll is almost dead.
You block the troll's attack. The troll barely misses you.
You block the troll's attack.
You barely miss the troll.
The troll is almost dead.
The troll bites you!
* * * LOW HITPOINT WARNING * * *
The troll claws you.
* * * LOW HITPOINT WARNING * * *
The troll claws you but does no damage.
You hit the troll.
The troll is almost dead.
The troll bites you but does no damage. The troll claws you but does no damage.
You block the troll's attack.
You barely miss the troll. Your headbutt misses the troll.
The troll is almost dead.
The troll barely misses you.
The troll claws you but does no damage. x2
You barely miss the troll.
The troll is almost dead.
The troll bites you!
You die...

.......†..(..####...#.#
#.##
.########.............#
#####.## .
####.####...### #.......
#.####...# #.#.....
#......#######..#.....
######.....#...##.....
#####...####.....
#######.>....#.[... #
#†@............####
#.##T###..........##..
#.......T.........##?.
#..................+..
.....^.#.....#.#######..
#.#.##.###.##.$#.# #h.
.. #.. ...#..#.# #.. ~~
#.. #..# ... #.. ~ ...
#..# ...


You could see a troll.

Vanquished Creatures
  A two-headed ogre (D:9)
  Amaemon (D:9)
  Pikel (D:9)
  An orange demon (D:9)
  Jeremiah (D:7)
  Grinder (D:4)
  Prince Ribbit (D:7)
  A hornet (D:8)
  A shadow (D:9)
  A wyvern (D:8)
  12 yaks
  A steam dragon (D:7)
  Grum (D:8)
  Menkaure (D:8)
  2 swamp worms (D:9)
  A water moccasin (D:7)
  2 orc warriors
  2 sky beasts
  3 black bears
  2 centaurs (D:9)
  An ice beast (D:5)
  3 wolves (D:8)
  3 phantoms
  3 kobold brigands (D:8)
  A gnoll sergeant (D:7)
  2 bullfrogs
  3 scorpions
  10 killer bees
  4 howler monkeys
  4 hounds
  A jelly (D:7)
  2 orc priests
  6 gnoll boudas
  5 sleepcaps
  An iguana (D:5)
  An orc wizard (D:6)
  8 adders
  36 gnolls
  3 river rats (D:4)
  A shadow imp (D:6)
  A white imp (D:5)
  2 ufetubi (D:7)
  7 worms
  A dart slug (D:1)
  19 orcs
  4 endoplasms
  5 giant cockroaches
  7 goblins
  11 hobgoblins
  2 jackals (D:2)
  2 quokkas
  10 ball pythons
  3 bats
  17 kobolds
  5 rats
231 creatures vanquished.

Notes
Turn   | Place    | Note
-------+----------+-------------------------------------------
     0 | D:1      | Darius099 the Minotaur Fighter began the quest for the Orb.
     0 | D:1      | Reached XP level 1. HP: 19/19 MP: 0/0
   134 | D:1      | Reached skill level 3 in Axes
   222 | D:1      | Reached XP level 2. HP: 26/26 MP: 1/1
   603 | D:2      | Reached skill level 4 in Axes
   706 | D:2      | Reached XP level 3. HP: 31/31 MP: 2/2
   976 | D:2      | Reached skill level 5 in Axes
  1210 | D:2      | Reached XP level 4. HP: 39/39 MP: 3/3
  1521 | D:3      | Reached skill level 6 in Axes
  1680 | D:3      | Reached XP level 5. HP: 13/45 MP: 4/4
  1826 | D:3      | Found a glowing golden altar of the Shining One.
  1887 | D:3      | Found a blossoming altar of Fedhas.
  2012 | D:3      | Found a shadowy altar of Dithmenos.
  2014 | D:3      | Found a bloodstained altar of Trog.
  2024 | D:3      | Found an ancient bone altar of Kikubaaqudgha.
  2024 | D:3      | Found a burning altar of Makhleb.
  2024 | D:3      | Found an opulent altar of Gozag.
  2026 | D:3      | Found a broken altar of Ashenzari.
  2028 | D:3      | Found a shimmering blue altar of Sif Muna.
  2331 | D:3      | Found a basalt altar of Yredelemnul.
  2331 | D:3      | Found a hazy altar of Hepliaklqana.
  2405 | D:4      | Found Viefosimm's Armour Boutique.
  2523 | D:4      | Reached skill level 7 in Axes
  2550 | D:4      | Found a transporter.
  2562 | D:4      | Noticed Grinder
  2588 | D:4      | Killed Grinder
  2589 | D:4      | Reached skill level 8 in Axes
  2589 | D:4      | Reached XP level 6. HP: 19/51 MP: 5/5
  2633 | D:4      | Reached skill level 9 in Axes
  2646 | D:4      | Found a transporter.
  2698 | D:4      | Noticed awesomeguy42's ghost (amateur HuNe)
  2770 | D:4      | Reached XP level 7. HP: 51/57 MP: 6/6
  2931 | D:4      | Reached skill level 10 in Axes
  3269 | D:5      | Entered Level 5 of the Dungeon
  3399 | D:5      | Found a staircase to the Ecumenical Temple.
  3449 | Temple   | Entered the Ecumenical Temple
  3470 | Temple   | Became a worshipper of Warmaster Okawaru
  3551 | D:5      | Reached skill level 11 in Axes
  3705 | D:5      | Reached XP level 8. HP: 61/64 MP: 7/7
  3820 | D:5      | Found Ipuereox's Antique Armour Boutique.
  3822 | D:5      | Found Aragh's Assorted Antiques.
  3822 | D:5      | Found Onokip's Jewellery Boutique.
  3905 | D:5      | HP: 3/64 [yak (4)]
  3911 | D:5      | Reached skill level 12 in Axes
  3913 | D:5      | Reached * piety under Okawaru
  3915 | D:5      | Reached skill level 13 in Axes
  3915 | D:5      | HP: 1/64 [yak (9)]
  4883 | D:6      | Reached skill level 14 in Axes
  4883 | D:6      | Reached XP level 9. HP: 70/70 MP: 8/8
  4907 | D:6      | You fall into a shaft and drop 3 floors!
  4920 | D:9      | Noticed Pikel
  4932 | D:9      | Killed Pikel
  4932 | D:9      | Reached ** piety under Okawaru
  4933 | D:9      | Reached skill level 15 in Axes
  5120 | D:9      | Noticed a two-headed ogre
  5147 | D:9      | Killed a two-headed ogre
  5148 | D:9      | Reached skill level 16 in Axes
  5200 | D:9      | Noticed a troll
  5320 | D:9      | Noticed Amaemon
  5370 | D:8      | Noticed a +0 short sword
  5370 | D:8      | Noticed a +0 falchion
  5370 | D:8      | Noticed a +0 falchion
  5371 | D:8      | Noticed a +0 dagger
  5372 | D:8      | Noticed a +0 dagger
  5422 | D:8      | Noticed a +0 spear
  5445 | D:8      | Reached *** piety under Okawaru
  5446 | D:8      | Reached XP level 10. HP: 66/77 MP: 9/9
  5566 | D:8      | Reached skill level 17 in Axes
  5717 | D:7      | Found a shimmering altar of Xom.
  5717 | D:7      | Found a shimmering altar of Xom.
  5717 | D:7      | Found a shimmering altar of Xom.
  5718 | D:7      | Found a shimmering altar of Xom.
  5719 | D:7      | Found a shimmering altar of Xom.
  5719 | D:7      | Found a shimmering altar of Xom.
  5719 | D:7      | Found a shimmering altar of Xom.
  5852 | D:7      | Identified the +2 falchion "Suyf" {heavy, *Noise rN++
                  | Dex+5}
  6035 | D:7      | Noticed Prince Ribbit
  6047 | D:7      | Killed Prince Ribbit
  6241 | D:6      | Found a radiant altar of Vehumet.
  7102 | D:7      | Reached skill level 18 in Axes
  7134 | D:7      | Noticed Menkaure
  7149 | D:8      | Noticed a +0 spear
  7151 | D:8      | Noticed a +0 short sword
  7362 | D:7      | Noticed Jeremiah
  7581 | D:8      | Killed Menkaure
  7821 | D:7      | Killed Jeremiah
  7821 | D:7      | Reached **** piety under Okawaru
  8448 | D:8      | Paralysed by a hornet for 1 turns
  8612 | D:8      | Noticed Grum
  8622 | D:8      | Killed Grum
  8623 | D:8      | Reached skill level 19 in Axes
  8791 | D:8      | Found a hide-covered altar of Uskayaw.
  9262 | D:9      | Found a staircase to the Lair.
  9330 | D:9      | Noticed an orange demon
  9337 | D:9      | Reached XP level 11. HP: 69/85 MP: 10/10
  9367 | D:9      | Gained mutation: You have a pair of large horns on your
                  | head. [potion of mutation]
  9367 | D:9      | Gained mutation: Your mind is acute. (Int +4, Str/Dex -1)
                  | [potion of mutation]
  9367 | D:9      | Gained mutation: You are partially covered in iridescent
                  | scales. (AC +2) [potion of mutation]
  9371 | D:9      | HP: 6/127 [Amaemon/bolt of acid (2)]
  9375 | D:9      | Killed Amaemon
  9375 | D:9      | Reached ***** piety under Okawaru
  9376 | D:9      | Reached skill level 5 in Fighting
  9376 | D:9      | Reached skill level 5 in Armour
  9400 | D:9      | Received a gift from Okawaru
  9431 | D:9      | Slain by a troll

Illustrated notes

Levels and vault maps discovered:
D:1:      mrwooster_arrival_statue_2, layout_rooms, minmay_tromino_i4
D:2:      minmay_evil_eye, layout_loops_corners
D:3:      layout_basic, minitemple, overflow_temple_1_default,
          gammafunk_temple_overflow_wave, tso_oasis_becter
D:4:      layout_loops_ring, serial_shops, nicolae_shop_just_a_little_nook,
          gammafunk_ghost_abyssal_escape, lightli_sewer_entry_pipes,
          uniq_grinder
D:5:      layout_layer_cave, minmay_temple_entry_hall,
          minmay_misc_feat_nine_boxes, nicolae_shop_distant_corner_stores,
          st_stairs_9, nicolae_titane
D:6:      kb_forest_paths, layout_cave_pods, vehumet_altar_wand_db,
          chequers_serial_rivers_small_a, chequers_serial_rivers_micro_d,
          patterned_corridor
D:7:      layout_cave_pools, xom_shifter_show, kennysheep_minor_cross,
          uniq_jeremiah, uniq_prince_ribbit1, uniq_menkaure
D:8:      layout_basic, nicolae_uskayaw_en_pointe, uniq_grum
D:9:      layout_basic, lair_entry_dummy, worms_lemuel, uniq_amaemon, uniq_pikel
Temple:   hellmonk_temple_of_storms

Skill      XL: |  1  2  3  4  5  6  7  8  9 10 11 |
---------------+----------------------------------+-----
Axes           | 3 4 5 6 8 9 11 14 16 19 | 19.2
Fighting       | 4 5 |  5.8
Armour         | 4 5 |  5.8
Shields        | |  3.6

Action                     |  1- 3 |  4- 6 |  7- 9 | 10-12 || total
---------------------------+-------+-------+-------+-------++-------
  Melee: War axe           |    77 |    84 |   245 |   348 ||   754
         Headbutt          |     9 |    10 |    56 |    55 ||   130
 Invoke: Heroism           |       |       |     1 |       ||     1
    Use: Potion            |       |     1 |     2 |     7 ||    10
   Stab: Invisible         |       |       |       |     1 ||     1
 Armour: Chain mail        |    54 |    65 |   173 |   208 ||   500
         Scale mail        |     1 |       |       |       ||     1
         Skin              |       |       |       |    20 ||    20
  Dodge: Dodged            |    26 |    30 |    82 |    81 ||   219
  Block: Buckler           |    17 |    21 |    39 |    14 ||    91
         Kite shield       |       |       |       |   154 ||   154
         Reflection        |       |       |       |     2 ||     2

Table legend: (Time is in decaauts)
 A = Elapsed time spent in this place.
 B = Non-inter-level travel time spent in this place.
 C = Inter-level travel time spent in this place.
 D = Time resting spent in this place.
 E = Time spent auto-exploring this place.
 F = Levels seen in this place.
 G = Mean time per level.
                   A        B        C        D        E       F      G
               +--------+--------+--------+--------+--------+-----+--------+
         Total |   9423 |   9032 |    391 |   2772 |   3742 |  10 |  942.3 |
       Dungeon |   9380 |   9029 |    351 |   2772 |   3742 |   9 | 1042.2 |
        Temple |     42 |      2 |     40 |      0 |      0 |   1 |   42.0 |
               +--------+--------+--------+--------+--------+-----+--------+

Top non-repeatable levels by time:
     D:8: 2238 daAuts
     D:5: 1464 daAuts
     D:2: 1039 daAuts
     D:4: 977 daAuts
     D:6: 925 daAuts
     D:3: 899 daAuts
     D:9: 727 daAuts
     D:7: 614 daAuts
     D:1: 495 daAuts
  Temple: 42 daAuts
